 Dungeon Crawl Stone Soup version 0.19.1 (webtiles) character file.

3127 Gargoyl the Covered (level 9, 0/75 HPs)
             Began as a Ghoul Abyssal Knight on Dec 21, 2016.
             Was a Priest of Lugonu.
             Slain by a centaur (5 damage)
             ... on level 8 of the Dungeon.
             The game lasted 00:22:28 (10257 turns).

Gargoyl the Covered (Ghoul Abyssal Knight)         Turns: 10257, Time: 00:22:29

Health: 0/75       AC: 13    Str: 17    XL:     9   Next: 92%
Magic:  12/12      EV:  3    Int:  7    God:    Lugonu [***...]
Gold:   433        SH:  9    Dex: 10    Spells: 0 memorised, 8 levels left

rFire  . . .     SeeInvis .     w - +0 spear (venom)
rCold  + . .     Gourm    .     d - +0 plate armour
rNeg   + + +     Faith    .     h - +1 shield
rPois  ∞         Spirit   .     (no helmet)
rElec  .         Reflect  .     (no cloak)
rCorr  +         Harm     .     (no gloves)
MR     .....                    (no boots)
Stlth  ..........               r - amulet of magic regeneration
                                (no ring)
                                l - ring of resist corrosion

@: rotting, hasted, very quick
A: rotting body, claws 1, carnivore 3, cold resistance 1, negative energy
resistance 3, slow regeneration 1, torment resistance, unbreathing
a: Depart the Abyss, Bend Space, Banish, Renounce Religion


You were on level 8 of the Dungeon.
You worshipped Lugonu.
Lugonu was most pleased with you.
You were not hungry.

You visited 1 branch of the dungeon, and saw 8 of its levels.
You visited the Abyss 1 time.
You also visited: Ossuary.

You collected 433 gold pieces.

Inventory:

Hand Weapons
 a - a +1 hand axe
 w - a +0 spear of venom (weapon)
Missiles
 o - 3 tomahawks of returning (quivered)
Armour
 d - a +0 plate armour (worn)
 h - a +1 shield (worn)
Jewellery
 l - a ring of resist corrosion (left claw)
 n - an uncursed ring of flight
 r - an amulet of magic regeneration (around neck)
Wands
 e - a wand of confusion (18/48)
 g - a wand of random effects (8/48)
 s - a wand of hasting (1/9)
 u - a wand of heal wounds (0/9)
Scrolls
 f - 3 scrolls of remove curse
 t - a scroll of magic mapping
Potions
 c - a potion of resistance
 k - a potion of magic
 p - a potion of brilliance
Books
 j - a Young Poisoner's Handbook

   Spells                             Type                      Level
   a - Sting                          Conjuration/Poison           1
   b - Mephitic Cloud                 Conjuration/Poison/Air       3
   c - Olgreb's Toxic Radiance        Poison                       4
   d - Alistair's Intoxication        Transmutation/Poison         5
   e - Venom Bolt                     Conjuration/Poison           5
Comestibles
 b - 2 slices of pizza
 i - 2 beef jerkies
 m - a meat ration
 q - 2 royal jellies


   Skills:
 + Level 6.1 Fighting
 + Level 6.6 Axes
 + Level 0.1(4.0) Polearms
 + Level 0.1 Throwing
 * Level 7.4 Armour
 + Level 1.1 Dodging
 + Level 3.2 Shields
 * Level 6.5 Invocations


You had 8 spell levels left.
You didn't know any spells.

Dungeon Overview and Level Annotations

Branches:
Dungeon (8/15)
 Temple: D:4-7         Lair: D:8-11

Altars:
Ashenzari
Cheibriados
Dithmenos
Elyvilon
Gozag
Nemelex Xobeh
Qazlal
Ru
Trog

Annotations:
D:7 Prince Ribbit


Innate Abilities, Weirdness & Mutations

Your body is rotting away.
You thrive on raw meat.
You are immune to poison.
You have sharp fingernails.
You are carnivorous and can eat meat at any time.
Your flesh is cold resistant. (rC+)
You are immune to negative energy. (rN+++)
You regenerate slowly when monsters are visible.
You are immune to unholy pain and torment.
You can survive without breathing.


Message History

You see here 2 arrows.
The orc wizard gestures wildly while chanting.
The centaur shoots an arrow.
The arrow hits you!
* * * LOW HITPOINT WARNING * * *
You see here an arrow.
Attack whom?
Press: ? - help, Dir - move target cursor, f - centaur
Aim: a centaur, wielding a shortbow You reach to attack!
You hit the centaur.
The centaur is poisoned.
The centaur is lightly wounded.
You puncture the centaur!
The centaur looks as sick as possible!
The centaur is heavily wounded.
The centaur unwields an uncursed shortbow.
The centaur hits you.
* * * LOW HITPOINT WARNING * * *
You feel yourself speed up.
The orc wizard looks braver for a moment.
The centaur hits you but does no damage.
You block the orc warrior's attack. The centaur hits you.
You die...

# #.##.######.#
###.##.# #.########
.##.##.# #........#
≈≈#.##.#############.#
≈≈≈≈≈#.<......# #.#
≈≈≈≈≈≈####.##.# #.#
≈≈≈≈≈# ###....# #.#
≈≈######.....o######.#
.## ##....ooooc@....#
>#####..8...o######..#
..)..#......## #..#
)###......o.# #..#
..........### #..#
......[.(.# #..#
..........# #..#
.........o## #..#
..)....(..o###


You could see an orc warrior, a centaur, an orc wizard and 4 orcs.

Vanquished Creatures
  The ghost of monokles the Grave Robber, an amateur DsNe (D:5)
  A yak (D:8)
  Menkaure (D:6)
  2 ice beasts
  A sky beast (D:6)
  An orc warrior (D:8)
  2 ogres
  A centaur (D:8)
  A big kobold (D:8)
  An elf zombie (Ossuary)
  4 bullfrogs
  2 scorpions
  A water moccasin skeleton (D:6)
  4 killer bees
  2 crimson imps
  A bullfrog zombie (D:5)
  2 hounds
  A quasit (D:6)
  A human zombie (Ossuary)
  4 orc wizards
  A jelly (D:5)
  5 orc priests
  An iguana (D:8)
  5 worker ants
  Natasha (twice) (D:3)
  A bullfrog simulacrum (D:8)
  2 hound zombies
  A mummy (Ossuary)
  7 gnolls
  5 adders
  A white imp (D:6)
  2 oozes (D:1)
  2 adder zombies
  An adder skeleton (D:5)
  4 worms
  An adder simulacrum (D:8)
  2 dart slugs (D:1)
  3 leopard geckos
  31 orcs
  2 ball pythons
  A bat (D:1)
  3 giant cockroaches
  5 goblins
  3 hobgoblins
  8 jackals
  10 kobolds
  3 quokkas
  7 frilled lizards
  3 goblin zombies (Ossuary)
  2 hobgoblin zombies (Ossuary)
  A leopard gecko simulacrum (D:8)
  A leopard gecko zombie (D:6)
  2 quokka zombies (Ossuary)
  4 rats
166 creatures vanquished.

Vanquished Creatures (others)
  A polar bear (D:8)
  A hungry ghost (D:7)
  2 killer bees (D:8)
  2 crimson imps
6 creatures vanquished.

Grand Total: 172 creatures vanquished

Notes
Turn   | Place    | Note
-------+----------+-------------------------------------------
     0 | Abyss:1  | Gargoyl the Ghoul Abyssal Knight began the quest for the Orb.
     0 | Abyss:1  | Reached XP level 1. HP: 19/19 MP: 1/1
     0 | Abyss:1  | Found a corrupted altar of Lugonu.
    87 | Abyss:2  | Noticed a small abomination
    88 | Abyss:2  | Noticed a ynoxinul
    89 | D:1      | Escaped the Abyss
   404 | D:1      | Reached skill level 2 in Armour
   518 | D:1      | Reached XP level 2. HP: 23/24 MP: 2/2
  1116 | D:1      | Reached XP level 3. HP: 31/32 MP: 3/3
  1381 | D:2      | Reached skill level 1 in Dodging
  1725 | D:2      | Found a shattered altar of Ashenzari.
  1799 | D:2      | Reached XP level 4. HP: 40/40 MP: 4/4
  1834 | D:2      | Reached * piety under Lugonu
  2278 | D:3      | Reached skill level 3 in Armour
  2558 | D:3      | Found a snail-covered altar of Cheibriados.
  2610 | D:3      | Noticed Natasha
  2611 | D:3      | Found a shadowy altar of Dithmenos.
  2627 | D:3      | Killed Natasha
  2627 | D:3      | Reached XP level 5. HP: 11/46 MP: 5/5
  2628 | D:3      | Found a white marble altar of Elyvilon.
  2628 | D:3      | Found a bloodstained altar of Trog.
  2674 | D:3      | Noticed Natasha
  2683 | D:3      | Killed Natasha
  2696 | D:3      | Found a sparkling altar of Nemelex Xobeh.
  2928 | D:4      | Found a sand-covered staircase.
  2934 | Ossuary  | Entered an ossuary
  3034 | Ossuary  | Reached ** piety under Lugonu
  3034 | Ossuary  | Reached XP level 6. HP: 34/52 MP: 7/7
  3154 | Ossuary  | Noticed Morrissey's ghost (amateur DsBe)
  3229 | Ossuary  | HP: 1/52 [Morrissey's ghost (5)]
  3720 | D:4      | Reached skill level 1 in Shields
  3989 | D:4      | Found an opulent altar of Gozag.
  4294 | D:5      | Entered Level 5 of the Dungeon
  4337 | D:5      | Reached skill level 4 in Armour
  4337 | D:5      | Reached XP level 7. HP: 32/60 MP: 8/8
  4570 | D:5      | Found a stormy altar of Qazlal.
  4973 | D:5      | Noticed monokles's ghost (amateur DsNe)
  5836 | D:5      | Paralysed by monokles's ghost for 5 turns
  5851 | D:5      | Killed monokles's ghost
  5851 | D:5      | Reached skill level 5 in Armour
  5873 | D:5      | Reached XP level 8. HP: 23/64 MP: 10/10
  6341 | D:6      | HP: 2/64 [spatial distortion (3)]
  6697 | D:5      | Reached skill level 5 in Fighting
  6846 | D:6      | Noticed Menkaure
  6873 | D:6      | Killed Menkaure
  6873 | D:6      | Reached skill level 5 in Axes
  7307 | D:6      | Reached *** piety under Lugonu
  7307 | D:6      | Reached skill level 6 in Armour
  7427 | D:6      | Found a sacrificial altar of Ru.
  7990 | D:7      | Reached skill level 5 in Invocations
  8338 | D:7      | Reached XP level 9. HP: 72/74 MP: 11/11
  8663 | D:7      | Noticed Prince Ribbit
  8854 | D:8      | Noticed a polar bear
  8869 | D:8      | Banished a polar bear
  8924 | D:8      | Reached skill level 7 in Armour
  9097 | D:8      | HP: 1/75 [killer bee (4)]
  9655 | D:8      | Noticed a brown ugly thing
 10257 | D:8      | Slain by a centaur

Skill      XL: |  1  2  3  4  5  6  7  8  9 |
---------------+----------------------------+-----
Armour         | 2 3 4 5 6 7 |  7.4
Axes           | 2 3 4 5 6 |  6.6
Dodging        | 1 |  1.1
Fighting       | 4 5 6 |  6.1
Invocations    | 3 4 5 6 |  6.5
Shields        | 1 2 3 |  3.2
Polearms       | |  0.1
Throwing       | |  0.1

Action                   |  1- 3 |  4- 6 |  7- 9 || total
-------------------------+-------+-------+-------++-------
Melee: Hand axe          |   109 |   334 |   896 ||  1339
       Spear             |       |       |    68 ||    68
Throw: Tomahawk          |       |     3 |     1 ||     4
Invok: Depart the Abyss  |     1 |       |       ||     1
       Bend Space        |       |     2 |     2 ||     4
       Banish            |       |       |     6 ||     6
Evoke: Wand              |       |       |     6 ||     6
  Use: Scroll            |       |     8 |    18 ||    26
       Potion            |       |     7 |     4 ||    11
 Stab: Invisible         |       |       |     1 ||     1
  Eat: Chunk             |     6 |    27 |    37 ||    70
       Meat ration       |       |     1 |     1 ||     2
Armor: Plate armour      |    94 |   250 |   620 ||   964
Dodge: Dodged            |    18 |    49 |    94 ||   161
Block: Shield            |       |    83 |   464 ||   547
